 Dungeon Crawl Stone Soup version 0.22-a0-433-gd2a9cce0b5 (webtiles) character file.

3707 Ordine the Covert (level 9, -4/44 HPs)
             Began as a Spriggan Enchanter on May 29, 2018.
             Was an Initiate of Kikubaaqudgha.
             Killed from afar by Erica (22 damage)
             ... with an orb of energy
             ... on level 8 of the Dungeon.
             The game lasted 00:38:27 (9159 turns).

Ordine the Covert (Spriggan Enchanter)              Turns: 9159, Time: 00:38:28

Health: -4/44      AC:  3    Str:  4    XL:     9   Next: 91%
Magic:  1/19       EV: 23    Int: 19    God:    Kikubaaqudgha [......]
Gold:   708        SH:  0    Dex: 17    Spells: 15/20 levels left

rFire    . . .     SeeInvis +   a - +1 dagger
rCold    . . .     Gourm    .   (shield restricted)
rNeg     . . .     Faith    .   h - +1 robe
rPois    .         Spirit   .   y - +0 hat
rElec    .         Reflect  .   (no cloak)
rCorr    +         Harm     .   (gloves unavailable)
MR       +....                  (boots unavailable)
Stlth    +++++.....             (no amulet)
HPRegen  0.14/turn              q - +3 ring of slaying
MPRegen  0.16/turn              C - ring of resist corrosion

@: lethally poisoned (-4 -> -7), very quick
A: very small, unfitting armour, see invisible, herbivore, speed 3, slow
metabolism 2
a: Renounce Religion


You were on level 8 of the Dungeon.
You worshipped Kikubaaqudgha.
Kikubaaqudgha was noncommittal.
You were not hungry.

You visited 2 branches of the dungeon, and saw 9 of its levels.
You also visited: Sewer and Ossuary.

You collected 766 gold pieces.
You spent 58 gold pieces at shops.

Inventory:

Hand Weapons
 a - a +1 dagger (weapon)
 b - a +1 dagger of draining
Armour
 h - a +1 robe (worn)
 p - a +0 troll leather armour {Purgy}
 y - a +0 hat (worn)
 B - a +0 buckler
Jewellery
 q - a +3 ring of slaying (left hand)
 A - an uncursed ring of ice
 C - a ring of resist corrosion (right hand)
Wands
 n - a wand of enslavement (13)
Scrolls
 e - 3 scrolls of blinking
 i - 2 scrolls of enchant weapon
 k - 2 scrolls of teleportation
 m - 3 scrolls of remove curse
 u - a scroll of holy word
 w - 3 scrolls of magic mapping
 z - 2 scrolls of enchant armour
Potions
 c - a potion of haste
 f - 4 potions of might
 g - a potion of berserk rage
 j - 5 potions of brilliance
 l - 3 potions of lignification
 o - a potion of heal wounds {unknown}
 r - a potion of invisibility
 s - 2 potions of curing
 t - 3 potions of degeneration {unknown}
 v - 2 potions of mutation {unknown}
 x - a potion of agility
Comestibles
 d - 9 rations


   Skills:
 + Level 3.0 Fighting
 * Level 7.3 Short Blades
 + Level 8.0 Dodging
 + Level 12.3 Stealth
 - Level 6.0 Spellcasting
 + Level 8.1 Hexes


You had 15 spell levels left.
You knew the following spells:

 Your Spells              Type           Power        Failure   Level  Hunger
a - Ensorcelled Hibernat  Hex/Ice        ###...       3%          2    None
b - Confuse               Hex            #####...     1%          3    ##.....

Your spell library contained the following spells:

 Spells                   Type           Power        Failure   Level  Hunger
 Lightning Bolt           Conj/Air       #.........   97%         5    #####..
 Tukima's Dance           Hex            #####...     1%          3    ##.....
 Stone Arrow              Conj/Erth      #.....       32%         3    ##.....
 Shock                    Conj/Air       #...         11%         1    None
 Swiftness                Chrm/Air       #.......     17%         2    None
 Airstrike                Air            #.........   73%         4    ####...
 Passwall                 Tmut/Erth      #.......     17%         2    None
 Static Discharge         Conj/Air       #.......     32%         3    ##.....
 Corona                   Hex            #####..      1%          1    None
 Lee's Rapid Deconstruct  Erth           #.........   97%         5    #####..
 Sandblast                Erth           #.....       11%         1    None
 Petrify                  Tmut/Erth      #.......     73%         4    ####...
 Dazzling Spray           Conj/Hex       ###...       6%          3    ##.....


Dungeon Overview and Level Annotations

Branches:
Dungeon (8/15)             Temple (1/1) D:7
   Lair: D:8-11

Altars:
Ashenzari
Cheibriados
Dithmenos
Elyvilon
Fedhas
Gozag
Hepliaklqana
Kikubaaqudgha
Makhleb
Nemelex Xobeh
Okawaru
Qazlal
Ru
Sif Muna
Trog
Vehumet
Wu Jian
Xom
Yredelemnul
Zin
The Shining One

Shops:
D:6 [

Annotations:
D:5 5 runed doors
D:8 Erica


Innate Abilities, Weirdness & Mutations

You are very small and have problems with some larger weapons.
You are too small for most types of armour.
You have supernaturally acute eyesight. (SInv)
You are a herbivore.
You cover ground extremely quickly.
You need to consume almost no food.


Message History

Confirm with . or Enter, or press ? or * to list all spells.
Aiming: Confuse (safe; 1% risk of failure)
Press: ? - help, Shift-Dir - straight line, f/p - Erica
Aim: Erica, wielding a long sword of freezing and wearing a glowing robe (slightly transparent, chance to defeat MR: 29%) Erica easily resists.
You feel sick.
The kobold throws a stone.
The stone barely misses Erica.
The stone completely misses you.
Casting: Confuse (safe; 1% risk of failure)
Confirm with . or Enter, or press ? or * to list all spells.
You don't have enough magic to cast that spell.
Unknown command.
Erica gestures at you while chanting. The orb of energy misses you.
The orb of energy explodes!
You hear a shout!
You feel sick.
There is a stone staircase leading up here.
Erica gestures at you while chanting. The orb of energy hits you!
Ouch! That really hurt!
You die...
Kikubaaqudgha rasps: "You have failed me!
Welcome... death!"

#[... #....##.. #....
......... ...
#.....#..
##.#######........
#..(.....(.....#
#####........(..##.#
.........@.K.....#...
####.##...........#
#..[...@.......#
#####..#.......#
#....###.....###.
####.######.........
###....#####..........
............).........
................._....
..(........#.......#..
...........[......(...


You could see Erica (invisible) and a kobold.

Vanquished Creatures
  A two-headed ogre (D:8)
  The ghost of bogue1979 the Cutter, a novice HaWr of Okawaru (D:5)
  A troll (D:8)
  Grinder (D:3)
  An orc warrior (D:7)
  An ice beast (D:6)
  5 phantoms
  Purgy (Sewer)
  A sky beast (D:8)
  A centaur (D:5)
  A crocodile (D:8)
  Blork the orc (D:6)
  2 big kobolds (D:8)
  A bullfrog (D:7)
  5 scorpions
  A centaur zombie (D:7)
  2 crimson imps
  A jelly (D:6)
  4 orc priests
  A hound (D:4)
  3 iguanas
  3 orc wizards
  5 worker ants
  A hound skeleton (D:6)
  8 mummies (Ossuary)
  A gnoll (D:1)
  A worker ant zombie (D:5)
  8 adders
  An ooze (D:2)
  2 adder zombies
  7 worms
  4 dart slugs
  3 leopard geckos
  23 orcs
  8 bats
  7 giant cockroaches
  8 goblins
  3 hobgoblins
  13 jackals
  14 kobolds
  3 quokkas
  6 frilled lizards
  2 gnoll zombies (Ossuary)
  3 hobgoblin zombies (Ossuary)
  2 kobold zombies (Ossuary)
  An orc zombie (Ossuary)
  A quokka zombie (D:7)
  11 rats
185 creatures vanquished.

Notes
Turn   | Place    | Note
-------+----------+-------------------------------------------
     0 | D:1      | Ordine the Spriggan Enchanter began the quest for the Orb.
     0 | D:1      | Reached XP level 1. HP: 9/9 MP: 5/5
   145 | D:1      | Reached XP level 2. HP: 12/13 MP: 6/6
   150 | D:1      | Learned a level 2 spell: Ensorcelled Hibernation
   157 | D:1      | Reached skill level 5 in Stealth
   887 | D:1      | Reached XP level 3. HP: 11/16 MP: 0/8
  1588 | D:2      | Found a shimmering altar of Xom.
  1973 | D:2      | Found an opulent altar of Gozag.
  2189 | D:2      | Learned a level 3 spell: Confuse
  2612 | D:2      | Reached XP level 4. HP: 21/21 MP: 9/9
  2692 | D:3      | Reached skill level 6 in Stealth
  2708 | D:3      | Found a blossoming altar of Fedhas.
  2719 | D:3      | Noticed Grinder
  2747 | D:3      | HP: 1/21 [Grinder (4)]
  2754 | D:3      | Paralysed by Grinder for 5 turns
  2791 | D:3      | Killed Grinder
  2791 | D:3      | Reached skill level 7 in Stealth
  2791 | D:3      | Reached skill level 5 in Spellcasting
  2791 | D:3      | Reached XP level 5. HP: 10/24 MP: 3/13
  2791 | D:3      | Reached XP level 6. HP: 12/28 MP: 3/14
  4290 | D:4      | Reached XP level 7. HP: 25/32 MP: 7/16
  4514 | D:4      | Reached skill level 5 in Short Blades
  4556 | D:4      | Reached skill level 8 in Stealth
  4848 | D:4      | Reached skill level 5 in Hexes
  5179 | D:5      | Entered Level 5 of the Dungeon
  5187 | D:5      | Noticed bogue1979's ghost (novice HaWr)
  5199 | D:5      | Killed bogue1979's ghost
  5199 | D:5      | Reached skill level 1 in Fighting
  5199 | D:5      | Reached skill level 5 in Dodging
  5199 | D:5      | Reached XP level 8. HP: 38/38 MP: 13/18
  5258 | D:5      | Found a glowing drain.
  5272 | Sewer    | Entered a sewer
  5305 | Sewer    | Noticed Purgy
  5307 | Sewer    | Killed Purgy
  5452 | D:5      | Found a sand-covered staircase.
  5459 | Ossuary  | Entered an ossuary
  5896 | D:5      | Found the +9 staff of Olgreb {rPois}
  5899 | D:5      | Found a runed door.
  5914 | D:5      | Found a runed door.
  5919 | D:5      | Found a runed gate.
  5930 | D:5      | Found a runed gate.
  5930 | D:5      | Found a runed gate.
  5999 | D:5      | Found a shimmering altar of Xom.
  5999 | D:5      | Found a sacrificial altar of Ru.
  6879 | D:6      | Reached XP level 9. HP: 34/44 MP: 5/19
  7115 | D:6      | Found Lodd's Armour Boutique.
  7125 | D:6      | Bought a +0 buckler for 58 gold pieces
  7237 | D:6      | Noticed Blork the orc
  7255 | D:6      | Killed Blork the orc
  7739 | D:7      | Reached skill level 9 in Stealth
  8087 | D:7      | Found a staircase to the Ecumenical Temple.
  8096 | Temple   | Entered the Ecumenical Temple
  8149 | Temple   | Became a worshipper of Kikubaaqudgha
  8861 | D:8      | Found a white marble altar of Elyvilon.
  8892 | D:8      | Found a snail-covered altar of Cheibriados.
  8896 | D:8      | Noticed a troll
  8896 | D:8      | Noticed a two-headed ogre
  8925 | D:8      | Reached skill level 10 in Stealth
  9107 | D:8      | Killed a two-headed ogre
  9107 | D:8      | Reached skill level 11 in Stealth
  9116 | D:8      | Killed a troll
  9116 | D:8      | Reached skill level 12 in Stealth
  9136 | D:8      | Noticed Erica
  9159 | D:8      | Killed from afar by Erica

Vault maps used:
D:1:      dpeg_arrival_fog
D:2:      lemuel_doored_altar, first_ration, lemuel_statue_altar
D:3:      nicolae_overflow_crystal_walls, kennysheep_generic_room_11,
          uniq_grinder
D:4:      cheibrodos_old_hovel, kennysheep_cross_room
D:5:      gammafunk_temple_overflow_pools, lightli_ossuary_entry_decrepit_ruins,
          gup_sewer_entry_bubbles, minmay_guarded_unrand_staff_of_olgreb
D:6:      serial_shops, shop, uniq_blork_the_orc
D:7:      minmay_temple_entry_statues_fountains
D:8:      cheibriados_altar_1, eat_drink_and_be_merry_uskayaw,
          lemuel_crystal_altar, uniq_erica
Temple:   regret_index_temple_waves
Sewer:    kennysheep_door_sewer
Ossuary:  ossuary_tomb_3

Skill      XL: |  1  2  3  4  5  6  7  8  9 |
---------------+----------------------------+-----
Stealth        | 5 7 8 12 | 12.3
Short Blades   | 2 3 4 5 7 |  7.3
Spellcasting   | 3 5 6 |  6.0
Hexes          | 4 6 8 |  8.1
Dodging        | 5 7 8 |  8.0
Fighting       | 1 3 |  3.0

Action                   |  1- 3 |  4- 6 |  7- 9 || total
-------------------------+-------+-------+-------++-------
Melee: Dagger            |   142 |   194 |   335 ||   671
 Cast: Ensorcelled Hiber |    12 |    42 |    78 ||   132
       Confuse           |       |     3 |    25 ||    28
  Use: Scroll            |    10 |       |     7 ||    17
       Potion            |       |     3 |     1 ||     4
 Stab: Sleeping          |    18 |    19 |    68 ||   105
       Confused          |       |     3 |    21 ||    24
  Eat: Ration            |       |     1 |     4 ||     5
Armor: Robe              |    13 |    15 |    19 ||    47
       Skin              |       |     9 |       ||     9
Dodge: Dodged            |   115 |   136 |   206 ||   457

Table legend:
 A = Spawn XP
 B = Non-spawn XP
 C = Spawn XP percentage of total XP
 D = Spawn monster count
 E = Non-spawn monster count
 F = Spawn count percentage of total count
 G = Total turns spent on level
                    A         B        C        D         E        F      G
               +---------+---------+-------+---------+---------+-------+---------
         Total |       0 |    5296 |   0.0 |       0 |     185 |   0.0 |  9159
               +---------+---------+-------+---------+---------+-------+---------
           D:1 |       0 |      50 |   0.0 |       0 |      20 |   0.0 |  1118
           D:2 |       0 |      48 |   0.0 |       0 |      22 |   0.0 |  1565
           D:3 |       0 |     443 |   0.0 |       0 |      24 |   0.0 |  1248
           D:4 |       0 |     658 |   0.0 |       0 |      21 |   0.0 |  1248
           D:5 |       0 |     918 |   0.0 |       0 |      24 |   0.0 |   964
           D:6 |       0 |     611 |   0.0 |       0 |      18 |   0.0 |   923
           D:7 |       0 |     665 |   0.0 |       0 |      20 |   0.0 |  1026
           D:8 |       0 |    1623 |   0.0 |       0 |      14 |   0.0 |   364
         Sewer |       0 |     132 |   0.0 |       0 |       6 |   0.0 |   120
       Ossuary |       0 |     148 |   0.0 |       0 |      16 |   0.0 |   387
               +---------+---------+-------+---------+---------+-------+---------
